 Dungeon Crawl Stone Soup version 0.30.0-19-g36f170ea60 (webtiles) character file.

Game seed: 11696656953804679816

2 Elliot10013 the Grave Robber (level 1, -2/10 HPs)
             Began as a Deep Elf Necromancer on May 30, 2023.
             Slain by a kobold
             ... wielding a +0 whip
              (3 damage)
             ... on level 1 of the Dungeon.
             The game lasted 00:01:31 (257 turns).

Elliot10013 the Grave Robber (Deep Elf Necromancer)  Turns: 257, Time: 00:01:31

Health: -2/10      AC:  2    Str:  5    XL:     1   Next: 33%
Magic:  6/6        EV: 12    Int: 19    God:
Gold:   7          SH:  0    Dex: 15    Spells: 5/6 levels left

rFire   . . .        (no weapon)
rCold   . . .        (no shield)
rNeg    . . .        a - +0 robe
rPois   .            (no helmet)
rElec   .            (no cloak)
rCorr   .            (no gloves)
SInv    .            (no boots)
Will    .....        (no amulet)
Stlth   ++           (no ring)
HPRegen 0.21/turn    (no ring)
MPRegen 0.10/turn

%: no passive effects
@: no status effects
A: no striking features
a: no special abilities


You were on level 1 of the Dungeon.
You visited 1 branch of the dungeon, and saw 1 of its levels.

You collected 7 gold pieces.

Inventory:

Armour
 a - a +0 robe (worn)
Potions
 b - a potion of magic


   Skills:
 + Level 2.6 Dodging
 + Level 2.6 Stealth
 + Level 3.0 Spellcasting
 + Level 4.8 Necromancy


You had 5 spell levels left.
You knew the following spells:

 Your Spells              Type           Power      Damage    Failure   Level
a - Necrotise             Necr           84%        1d8       1%          1

Your spell library contained the following spells:

 Spells                   Type           Power      Damage    Failure   Level
 Vampiric Draining        Necr           21%        2d7       6%          3
 Animate Dead             Necr           21%        N/A       21%         4
 Agony                    Necr           21%        N/A       50%         5


Dungeon Overview and Level Annotations

Branches:
Dungeon (1/15)

Altars:


Message History

The goblin is moderately wounded.
The goblin hits you but does no damage.
You hit the goblin.
The goblin is heavily wounded.
The goblin hits you with a +0 dagger.
You hit the goblin but do no damage.
The goblin is heavily wounded.
The goblin barely misses you.
You hit the goblin.
You kill the goblin!
You see here a +0 dagger.
Unknown command.
Unknown command.
Welcome back, Elliot10013 the Deep Elf Necromancer.
Press ? for a list of commands and other information.
Unknown command.
Unknown command.
HP restored.
A kobold and a frilled lizard come into view.
The helpless frilled lizard fails to defend itself.
You hit the frilled lizard.
The frilled lizard is heavily wounded.
The frilled lizard barely misses you. The frilled lizard closely misses you.
The kobold shouts!
The frilled lizard closely misses you.
You hit the kobold but do no damage. The frilled lizard barely misses you.
The kobold hits you with a +0 whip.
Ouch! That really hurt!
The frilled lizard barely misses you. The kobold hits you with a +0 whip.
* * * LOW HITPOINT WARNING * * *
The frilled lizard barely misses you. The kobold barely misses you.
The frilled lizard closely misses you. The kobold hits you with a +0 whip.
* * * LOW HITPOINT WARNING * * *
The frilled lizard bites you but does no damage.
The kobold barely misses you. The frilled lizard bites you.
* * * LOW HITPOINT WARNING * * *
The kobold hits you with a +0 whip.
You die...

......#.#.#..#.................#
####..#.#.#..#.....###.#.#####.#
........#.#..#............# #.#
.###....#.#..#.........#..# #.##
.###....#.#..#.....#.###..# #...
..........#..#..#..#.# #..# ####
.............#.....#.###..#
..#########..#............# ..#
#.. .......@K.#
..####.####..#...l.#
..........#..##.##.#
#.####.#.##........# #.#
#...........##.#
#.###).#####.##.# #
#............##.#
#.#############.# #.# #.#


You could see a kobold and a frilled lizard.

Vanquished Creatures
  A giant cockroach (D:1)
  A goblin (D:1)
2 creatures vanquished.

Notes
Turn   | Place    | Note
-------+----------+-------------------------------------------
     0 | D:1      | Elliot10013 the Deep Elf Necromancer began the quest for
                  | the Orb.
     0 | D:1      | Reached XP level 1. HP: 10/10 MP: 6/6
   257 | D:1      | Slain by a kobold

Illustrated notes

Levels and vault maps discovered:
D:1:      evilmike_arrival_rings, layout_basic

Action                     || total
---------------------------++-------
  Melee: Unarmed           ||    21
   Cast: Necrotise         ||     1
   Stab: Sleeping          ||     1
 Armour: Robe              ||     7
  Dodge: Dodged            ||    23
